Cogmind - Beta 16 @@@ ROGUE MODE // 2025.12.14 @ 16:38:06 Player: Plexion Result: Destroyed by D-53 Grenadier with Mini Grenade Launcher Performance ------------- Evolutions (0) 0 Regions Visited (2) 400 Robots Destroyed (17) 85 Value Destroyed (434) 434 Prototype IDs (0) 0 Alien Tech Used (0) 0 Bonus (0) 0 TOTAL SCORE: 919 Bonus ------- None Cogmind --------- Core Integrity 0/250 Matter 241/300 Energy 63/100 System Corruption 0% Temperature Cool (0) Movement Treading (480) Ox4 Location -10/Mines Parts ------- > --- POWER (1) -------- (None) > --- PROPULSION (2) --- Light Treads > --- UTILITY (2) ------ Huge Storage Unit > --- WEAPON (2) ------- Autogun Autogun > --- INVENTORY (25) --- Small Storage Unit Seismic Detector Grenade Launcher Maul Peak State ------------ > --- POWER ------------ Light Nuclear Core > --- PROPULSION ------- Light Treads Light Treads > --- UTILITY ---------- Small Storage Unit Seismic Detector > --- WEAPON ----------- Autogun Autogun > --- INVENTORY -------- Ion Engine Aluminum Leg Wheel Wheel Improved Heat Sink Small Laser Light Assault Rifle Grenade Launcher [Rating: 12] Favorites ----------- Power Ion Engine Engine Ion Engine Power Core Light Nuclear Core Propulsion Light Treads Treads Light Treads Wheel Wheel Utility Small Storage Unit Device Seismic Detector Storage Small Storage Unit Weapon Autogun Energy Gun Medium Laser Ballistic Gun Autogun Launcher Grenade Launcher Build | -11 -10 -10 ------- Run | Yrd Mat Min Slots Evolved . | . . . Power . | . . . Propulsion . | . . . Utility . | . . . Weapon . | . . . Parts Attached 19 | 8 5 6 Power 3 | 1 2 . Engine 2 | 1 1 . Core 1 | . 1 . Reactor . | . . . Propulsion 4 | 2 . 2 Treads 2 | 2 . . Leg . | . . . Wheel 2 | . . 2 Hover . | . . . Flight . | . . . Utility 4 | 2 1 1 Device 2 | 1 1 . Storage 2 | 1 . 1 Processor . | . . . Hackware . | . . . Protection . | . . . Artifact . | . . . Weapon 8 | 3 2 3 Energy Gun 2 | 2 . . Energy Cannon . | . . . Ballistic Gun 5 | 1 2 2 Ballistic Cannon . | . . . Launcher 1 | . . 1 Special Weapon . | . . . Impact Weapon . | . . . Slashing Weapon . | . . . Piercing Weapon . | . . . Special Melee Weapon . | . . . Unidentified Prototypes . | . . . Parts Lost 7 | . . 7 Power 1 | . . 1 Propulsion 3 | . . 3 Utility 1 | . . 1 Weapon 2 | . . 2 Highest Loss Streak 4 | . . 4 To Critical Strikes . | . . . Average Backups 7 | 4 7 7 Power . | . . . Propulsion 2 | 2 2 1 Utility 1 | . 1 1 Weapon 3 | . 3 4 Tool/Special . | . . . Unused Backups 2 | . 1 1 Power . | . . . Propulsion 1 | . 1 . Utility . | . . . Weapon 1 | . . 1 Tool/Special . | . . . Average Slot Usage (%) 92 | . 99 78 Engine 8 | . 11 2 Core 1 | . 2 . Treads 25 | . 28 20 Wheel 2 | . . 7 Device 11 | . 13 6 Storage 14 | . 14 14 Energy Gun 1 | . 2 . Ballistic Gun 25 | . 25 26 Peak Build Rating 12 | 7 12 12 Average Rating 8 | 5 10 8 On Entrance 5 | . 7 10 Avg Prop Armor Cover (%) . | . . . Naked Turns . | . . . Heaviest Build 87 | 12 17 87 Greatest Support 40 | 40 40 40 Greatest Overweight (x) 8 | . . 8 Average Overweight (x) . | . . 1 Largest Inventory Capacity 25 | 8 8 25 Average Capacity 9 | 7 8 12 Most Carried 8 | 5 8 8 Average Carried 7 | 4 7 7 Final Capacity 25 | 8 8 25 Final Carried 8 | 5 8 4 Class Distribution -------------------- 100% | Mutant Dominant Class ---------------- Mutant | -10/Materials Mutant | -10/Mines Resources | -11 -10 -10 ----------- Run | Yrd Mat Min Matter Collected 751 | 250 244 257 Remotely . | . . . Salvage Created 581 | 60 377 144 Parts 31 | 10 18 3 Haulers Intercepted . | . . . Recyclers Shooed 3 | 1 2 . Parts Field Recycled . | . . . Retrieved Matter . | . . . Parts Self-Destructed . | . . . Prevented . | . . . Parts Restored . | . . . Kills | -11 -10 -10 ------- Run | Yrd Mat Min Combat Hostiles Destroyed 22 | . 7 15 Guns 8 | . 6 2 AOE 13 | . . 13 Classes Destroyed 6 | 1 3 2 Worker 1 | . . 1 Tunneler 3 | 3 . . Recycler 1 | . 1 . Watcher 3 | . 3 . Grunt 9 | . 7 2 Assembled 13 | . . 13 Best Kill Streak 14 | 2 4 14 Combat Bots Only 13 | . 3 13 Max Kills in Single Turn 2 | 1 1 2 Gunslinging 1 | . . 1 Exploded 2 | . . 2 Melee . | . . . Uniques/NPCs Destroyed . | . . . Combat | -11 -10 -10 -------- Run | Yrd Mat Min Hostile Shots Fired 92 | . 34 58 Missed 27 | . 6 21 Hits 65 | . 28 37 Melee 1 | . . 1 Projectile 64 | . 28 36 AOE 10 | . . 10 Critical Strikes 1 | . 1 . Damage Taken 1215 | . 371 844 Core 255 | . 81 174 Absorbed by Shields . | . . . Core Remaining (%) 100 | 100 . . Volleys Fired 69 | 13 32 24 Largest 2 | 2 2 2 Hottest 70 | 70 70 46 Shots Fired 122 | 26 64 32 Gun 107 | 26 64 17 Cannon . | . . . Launcher 15 | . . 15 Special . | . . . Kinetic 76 | 13 46 17 Thermal 31 | 13 18 . Explosive 15 | . . 15 Electromagnetic . | . . . Robot Hit Streak 13 | 5 13 11 Robot Miss Streak 3 | 3 2 1 Penetration Max . | . . . Secondary Targets 1 | . . 1 Max Gunslinging Chain 1 | . . 1 Shots Hit Robots 81 | 14 47 20 Core Hits 60 | 5 20 35 Critical Kills . | . . . Critical Parts Destroyed 1 | . 1 . Critical Strikes 2 | . 2 . Burn 1 | . 1 . Destroy 1 | . 1 . Melee Attacks . | . . . Impact . | . . . Slashing . | . . . Piercing . | . . . Sneak Attacks . | . . . Combat Hostiles . | . . . Follow-up Attacks . | . . . Damage Inflicted 1927 | 148 603 1176 Guns 961 | 148 592 221 Cannons . | . . . Explosions 955 | . . 955 Melee . | . . . Ramming 11 | . 11 . Kinetic 669 | 47 401 221 Thermal 292 | 101 191 . Explosive 955 | . . 955 Electromagnetic . | . . . Impact . | . . . Slashing . | . . . Piercing . | . . . Highest Corruption . | . . . Average Corruption . | . . . Corruption Purged . | . . . Corruption Blocked . | . . . Overload Shots . | . . . Overflow Damage . | . . . Projectiles . | . . . Explosions . | . . . Melee . | . . . Knockbacks . | . . . Impact . | . . . Kinetic . | . . . Secondary . | . . . Self-Inflicted Damage 91 | . . 91 Shots 3 | . . 3 Rammed 5 | . 5 . Targets Rammed 6 | . 6 . Kicked . | . . . Crushed 1 | . 1 . Highest Temperature 172 | 100 172 13 Average Temperature 47 | 39 59 7 Received Heat Transfer 302 | . 225 77 Siege Activations . | . . . Martial Activations . | . . . Shielding Activations . | . . . Robots Disrupted . | . . . Combat Hostiles . | . . . Robots Corrupted . | . . . Combat Hostiles . | . . . Parts Fried . | . . . Impact Corruptions . | . . . Robots Melted 1 | . 1 . Combat Hostiles 1 | . 1 . Parts Melted 4 | . 4 . Heat Transferred 925 | 296 629 . Parts Sabotaged . | . . . Parts Stolen . | . . . Parts Stripped . | . . . Power Chain Reactions . | . . . Alert | -11 -10 -10 ------- Run | Yrd Mat Min Maximum Alert Level . | . . . Low Security (%) 100 | 100 100 100 Level 1 . | . . . Level 2 . | . . . Level 3 . | . . . Level 4 . | . . . Level 5 . | . . . High Security . | . . . Max Security . | . . . Peak Influence 70 | 10 70 50 Initial . | . . . Average 12 | . 18 8 Influence Increases 331 | 15 216 100 Destroy 0b10 Robot/C 180 | . 140 40 Destroy 0b10 Robot/NC 40 | 15 20 5 Destroy Leader 46 | . 36 10 Successful Hack 20 | . 20 . Destroy Structure 45 | . . 45 Influence Decreases 331 | 15 216 100 Time Decay 311 | 15 216 80 Lost Part 20 | . . 20 Squads Dispatched . | . . . Investigation . | . . . Extermination . | . . . Reinforcement . | . . . Assault . | . . . Garrison . | . . . Intercept . | . . . Searches Triggered . | . . . Construction Impeded . | . . . Haulers Reinforced . | . . . Active Scanning Responses . | . . . Cargo Convoy Interrupts . | . . . Stealth | -11 -10 -10 --------- Run | Yrd Mat Min Distress Signals 1 | . 1 . Communications Jammed . | . . . Distress Signals . | . . . Times Spotted 30 | . 10 20 Peak Tracking Total 7 | . 4 7 Tactical Retreats . | . . . Traps | -11 -10 -10 ------- Run | Yrd Mat Min Traps Triggered . | . . . Indirectly . | . . . Trap Hack Attempts . | . . . Triggered . | . . . Disarmed . | . . . Reprogrammed . | . . . Reused . | . . . Traps Extracted . | . . . Installed . | . . . Triggered . | . . . Machines | -11 -10 -10 ---------- Run | Yrd Mat Min Machines Disabled . | . . . Max in Single Turn . | . . . Machines Repaired . | . . . Machines Dismantled . | . . . Machines Sabotaged . | . . . Overloaded Fab Kills . | . . . Hacking | -11 -10 -10 --------- Run | Yrd Mat Min Machines Accessed 5 | . 5 . Terminals 5 | . 5 . Fabricators . | . . . Repair Stations . | . . . Recycling Units . | . . . Scanalyzers . | . . . Garrison Access . | . . . Total Hacks 19 | . 19 . Successful 10 | . 10 . Failed 9 | . 9 . Catastrophic 1 | . 1 . Database Lockouts . | . . . Manual 17 | . 17 . Terminals 19 | . 19 . Fabricators . | . . . Repair Stations . | . . . Recycling Units . | . . . Scanalyzers . | . . . Garrison Access . | . . . Terminal Hacks 3 | . 3 . Robot Analysis 2 | . 2 . Locate Traps 1 | . 1 . Fabricator Hacks . | . . . Repair Station Hacks . | . . . Recycling Unit Hacks . | . . . Scanalyzer . | . . . Garrison Access Hacks . | . . . Unauthorized Hacks 7 | . 7 . Terminals 7 | . 7 . Botnet 1 | . 1 . Operators 1 | . 1 . Skim 5 | . 5 . Fabricators . | . . . Repair Stations . | . . . Recycling Units . | . . . Scanalyzers . | . . . Garrison Access . | . . . Data Cores Recovered . | . . . Used . | . . . Hacking Detections 5 | . 5 . Full Trace Events . | . . . Feedback Events . | . . . Feedback Blocked . | . . . Robot Schematics Acquired . | . . . Robots Built . | . . . Authchips . | . . . Time . | . . . Total Robot Build Rating . | . . . Part Schematics Acquired . | . . . Parts Built . | . . . Authchips . | . . . Time . | . . . Total Part Build Rating . | . . . Part Studies Acquired . | . . . Parts Repaired . | . . . Time . | . . . Parts Recycled . | . . . Recycled Matter . | . . . Retrieved Matter . | . . . Retrieved Components . | . . . Parts Scanalyzed . | . . . Part Schematics Acquired . | . . . Parts Damaged . | . . . Bothacking | -11 -10 -10 ------------ Run | Yrd Mat Min Used RIF Installer . | . . . Robots Hacked . | . . . Non-combat . | . . . Combat . | . . . Robot Hacks Applied . | . . . Relay Couplers Released . | . . . Fabnet Peak Effective % . | . . . Robots Rewired . | . . . Allies Hacked . | . . . Hacks Repelled . | . . . Allies | -11 -10 -10 -------- Run | Yrd Mat Min Total Allies . | . . . Largest Group . | . . . Highest-Rated Group . | . . . Highest-Rated Ally . | . . . Total Orders . | . . . Ally Attacks . | . . . Total Damage . | . . . Kills . | . . . Allies Corrupted . | . . . Allies Melted . | . . . Intel | -11 -10 -10 ------- Run | Yrd Mat Min Active Infowar (turns) 770 | 21 613 136 Seismic 770 | 21 613 136 Robot Analysis Total 2 | . 2 . Derelict Logs Recovered . | . . . Drone Launches . | . . . Drone Recoveries . | . . . Exploration | -11 -10 -10 ------------- Run | Yrd Mat Min Turns Passed 1470 | 220 842 408 Spaces Moved 539 | 107 282 150 Core 3 | 3 . . Treads 469 | 104 282 83 Legs . | . . . Wheels 67 | . . 67 Hover . | . . . Flight . | . . . Fastest Speed 50 | 50 160 140 Average Speed 157 | 156 160 151 Slowest Speed 200 | 160 160 200 Overloaded Moves . | . . . Propulsion Burnouts . | . . . Robots Hopped . | . . . Potential Cave-ins . | . . . Cave-ins Triggered . | . . . Exploration Rate (%) 30 | 6 53 31 Regions Visited 2 Branch Regions 1 Pre-discovered Areas 1 | . 1 . Known Exits Taken 1 | . 1 . Unknown Exits Taken 1 | 1 . . Scrap Searched 1 | . . 1 Spaces Dug 7 | . . 7 Terrain Destroyed 76 | . . 76 Melee . | . . . Projectile . | . . . AOE 76 | . . 76 Terrain Rammed . | . . . Walls Destroyed . | . . . Machines Disabled . | . . . Actions | -11 -10 -10 --------- Run | Yrd Mat Min Total 1044 | 132 612 300 Wait 384 | . 269 115 Move 537 | 106 281 150 Hop . | . . . Pick Up 10 | 5 5 . Fast Attach 9 | 7 2 . Attach 5 | . . 5 Detach 2 | . 1 1 Swap 16 | 1 10 5 Drop 6 | . 6 . Fire 69 | 13 32 24 Melee . | . . . Ram . | . . . Kick . | . . . Crush 6 | . 6 . Escape Stasis . | . . . Rewire . | . . . Trap . | . . . Miscellaneous . | . . . Route ------- -11/Scrapyard -10/Materials (discovered 3 exits: *Mat / *Min / Sub) -10/Mines (discovered 1 exit: *Mat) History --------- Turn | Location | Event 30 | -11/Scrapyard | Discovered new exit (range 15) 221 | -11/Scrapyard | Entered Materials 310 | -10/Materials | Build established: Mutant 416 | -10/Materials | Discovered new exit (range 14) 528 | -10/Materials | Discovered new exit (range 16) 786 | -10/Materials | Learned Storage stockpile data 841 | -10/Materials | Learned location of 1 exit from Storage 886 | -10/Materials | Learned location of 1 exit from Storage 922 | -10/Materials | Identified exit to Materials 922 | -10/Materials | Identified exit to Mines 922 | -10/Materials | Identified exit to Subcaves 950 | -10/Materials | Learned location of 1 exit from Recycling 989 | -10/Materials | Learned 4 Subcaves zone layouts 1036 | -10/Materials | Learned location of Subcaves (-10) 1063 | -10/Materials | Entered Mines 1083 | -10/Mines | Discovered exit to Materials (range 9) 1100 | -10/Mines | Assembled infested the area 1105 | -10/Mines | Assisted by a Guerilla fighting off Assembled 1163 | -10/Mines | Destroyed 13 combat bots 1351 | -10/Mines | Core integrity fell below 50% 1394 | -10/Mines | Deemed a non-threat by the Exiles lab entrance 1464 | -10/Mines | Core integrity fell below 20% 1471 | -10/Mines | Destroyed by D-53 Grenadier with Mini Grenade Launcher Last Messages --------------- 01369_ R-06 Scavenger collects Ion Engine. 01371_ K-01 Serf collects debris. 01376_ Acquired 91 matter. 01377_ K-01 Serf collects debris. 01394_ "No threat detected, you may enter." 01405_ U-05 Engineer lays Concrete. 01447_ Searching scrap... 01447_ Found Hcp. Matter Pod. 01447_ Found Lgt. Cannon. 01447_ Found Huge Storage Unit. 01447_ Found 55 Matter. 01447_ Found 47 Matter. 01448_ Acquired 47 matter. 01458_ Autogun destroyed. 01461_ Wheel destroyed. 01462_ D-53 Grenadier destroyed. 01463_ Autogun destroyed. 01464_ The unstable cave ceiling collapses. 01465_ Wheel destroyed. 01468_ The unstable cave ceiling collapses. Map ----- +----------------------------------------------------+ | ?????????????????????????????????????????????????? | | ?????????????????????????????????????????????????? | | ?????????????????????????????????????????????????? | | ?????????????????????????????????????????????????? | | ?????????????????????????????????????????????????? | | ?????????????????????????????????????????????????? | | ?????????????????????????????????????????????????? | | ?????????????????????????????????????????????????# | | ?????????????????????????????????????????????????# | | ?????????????????????????????????????????????????# | | ?????????????????????????????????????????????????# | | ?????????????????????????????????????????####???## | | ????????????????????????????????????????## ##### | | ?????????????????????????????????????#### | | ?????????????????????????????????????# | | ?????????????????????????????????????# ### # | | ????????????????????????##???????????# #?# ### # # | | ???????????????????????? #??????????# #?###?# ## | | ????????????????????????# ############ #?????# ##? | | ??????????????????????### # #?????# #?? | | ????????????????##????# ##########?????# ### | | ???????????????## ?## ##?????????????# # | | ??????????? ### # #?????????????### | | ?????????? #???????????????# # | | ?????????? ####???????????? # | | ??????????????#### d@ #???????????? ## | | ?????????????????## ! ""?????? ?? | | ??????????????????# ### # ""??????#?? | | ?????????????????# #???????????????? | | ????????????????# ## ?????????????? | | ????????????????# ####????????????? | | ????????????????# ##???????????????? | | ????????????????###### #########????????????????? | | ?????????????????????###?????????????????????????? | | ?????????????????????????????????????????????????? | | | | | | | | | | | | | | | | | | | | | | | | | | | | | | | +----------------------------------------------------+ Best States ------------- Heat Dissipation 39 Energy Generation 14 Energy Capacity 250 Matter Stores 300 Matter Capacity 300 Sight Range 16 Terrain Scan Density 10 Evasion (%) 40 Recoil Reduction 2 Item Schematics ----------------- None Robot Schematics ------------------ None Fabricated ------------ Nothing Repaired ---------- Nothing Studied --------- None Alien Tech Used ----------------- None Achievements -------------- None Challenges ------------ None Game ------ Seed JammingWaveChainsaw Manual? 0 Play Time 00:10:51 Cumulative 921.8 hours Start 2025.12.14 @ 16:28:44 End 2025.12.14 @ 16:38:06 Sessions 1 Manual Loads 0 Difficulty Rogue Special Mode None Game No. 839 Rogue 752 Adventurer 87 Explorer 0 Win Type - Total 61 Types 9/7/32/2/1/1/5/1/1/2 Lore% 97 Gallery% 93 Achievement% 70 Wizard Run 0 Options --------- Layout 0 ASCII 0 Keyboard 1 Movement Numpad Keybinds 0 Fullscreen 2 Font 18/SmallcapsGlow Map View 76x50 Zoom Use 0% Tactical HUD 1 Map Filters NONE Filters NONE Steam 1 RUN: 381b1210-f086-43df-8605-900017c83e47